 Dungeon Crawl Stone Soup version 0.32-a0-589-g2d1f746 (webtiles) character file.

Game seed: 10423871131744025556

15042320 Ray the Swordmaster (level 27, 249/249 HPs)
             Began as a Coglin Warper on Mar 2, 2024.
             Was the Champion of Cheibriados.
             Escaped with the Orb
             ... and 15 runes!
             The game lasted 01:52:00 (104908 turns).

Ray the Swordmaster (Coglin Warper)               Turns: 104908, Time: 01:52:00

Health: 249/249    AC: 23    Str: 28    XL:     27
Magic:  54/54      EV: 56    Int: 37    God:    Cheibriados [******]
Gold:   14601      SH:  0    Dex: 43    Spells: 63/80 levels left

rFire   + + .        I - +9 double sword (flame) {Gilbert}
rCold   + + +        m - +9 double sword (elec) {Gebhard}
rNeg    + + +        r - +5 leather armour of Seolenw Keus {rF+ Regen+ rCorr Dex-4}
rPois   ∞            E - +1 helmet of the Postmodern Souls {rC++ Int+8 Stlth-}
rElec   +            W - +2 cloak {Will+}
rCorr   +            U - +0 pair of fencer's gloves {Riposte Dex+3}
SInv    +            e - +1 pair of boots of Servitude {rN+ Int+2 SInv}
Will    ++++.        (amulet unavailable)
Stlth   +            (ring unavailable)
HPRegen 1.41/turn    (ring unavailable)
MPRegen 0.34/turn    l
                       - N-60 megaencabulator {AutoDazzle, rElec rF+}

%: no passive effects
@: death-form, studying 4 skills, very slow
A: vile attack, torment immunity, no potions, off-hand wielding, slow wielding,
warmup strikes, no jewellery, agile 1, inability to drink after injury 1, noise
suppression
0: Orb of Zot
}: 15/15 runes: serpentine, barnacled, slimy, silver, golden, iron, obsidian,
icy, bone, abyssal, demonic, glowing, magical, fiery, dark
a: Siphon Essence, Begin Untransformation, Renounce Religion, Bend Time,
Temporal Distortion, Slouch, Step From Time


You escaped.
You worshipped Cheibriados.
Cheibriados was exalted by your worship.
You were an undying horror.
You visited 18 branches of the dungeon, and saw 87 of its levels.
You visited Pandemonium 2 times, and saw 17 of its levels.
You visited the Abyss 3 times.
You visited 1 bazaar.
You also visited: Bailey, Ice Cave and Wizlab.

You collected 19392 gold pieces.
You spent 4791 gold pieces at shops.

Inventory:

Hand Weapons
 m - a +9 double sword of electrocution (offhand) {Gebhard}
 I - a +9 double sword of flaming (weapon) {Gilbert}
Missiles
 j - 2 throwing nets (quivered)
 w - 18 curare-tipped darts
Armour
 e - the +1 pair of boots of Servitude (worn) {rN+ Int+2 SInv}
   (You acquired it on level 2 of the Elven Halls)

   Int+2:     It affects your intelligence (+2).
   rN+:       It protects you from negative energy.
   SInv:      It lets you see invisible.
 q - the +0 chain mail of Balytiq {^Contam rElec Regen+ Slay+4}
   (You acquired it in Pandemonium)

   Slay+4:    It affects your accuracy & damage with ranged weapons and melee
   (+4).
   rElec:     It insulates you from electricity.
   ^Contam:   It causes magical contamination when unequipped.
   Regen+:    It increases your rate of health regeneration.
 r - the +5 leather armour of Seolenw Keus (worn) {rF+ Regen+ rCorr Dex-4}
   (You found it on level 2 of the Snake Pit)

   Dex-4:     It affects your dexterity (-4).
   rF+:       It protects you from fire.
   Regen+:    It increases your rate of health regeneration.
   rCorr:     It protects you from acid and corrosion.
 y - the orb of Dispater {+Damnation *Corrode AC+5}
   (You took it off Dispater on level 7 of the Iron City of Dis)

   +Damnation: It grants the ability to hurl damnation at the cost of health and
   magic, with strength depending on Evocations skill.
   AC+5:      It affects your AC (+5).
   *Corrode:  It may corrode you when you take damage.
 E - the +1 helmet of the Postmodern Souls (worn) {rC++ Int+8 Stlth-}
   (You bought it in a shop in a bazaar)

   Int+8:     It affects your intelligence (+8).
   rC++:      It greatly protects you from cold.
   Stlth-:    It makes you less stealthy.
 H - the +3 fire dragon scales of Indemnity {rF++ rC- MP+9 SInv}
   (You found it in a bailey)

   rF++:      It greatly protects you from fire.
   rC-:       It makes you vulnerable to cold.
   MP+9:      It affects your magic capacity (+9).
   SInv:      It lets you see invisible.
 O - the scarf of the Merwolf {rC+ rF+, Harm Str+3 Int+2}
   (You found it on level 7 of the Iron City of Dis)

   Str+3:     It affects your strength (+3).
   Int+2:     It affects your intelligence (+2).
   Harm:      It increases damage dealt and taken.
 R - the +0 helmet of Fortitude {Dex+5}
   (You acquired it on level 3 of the Shoals)

   Dex+5:     It affects your dexterity (+5).
 U - the +0 pair of fencer's gloves (worn) {Riposte Dex+3}
   (You bought it in a shop on level 1 of the Elven Halls)

   Riposte:   It allows the wearer to riposte with melee weapons, swiftly
   retaliating against missed or blocked melee attacks.
   Dex+3:     It affects your dexterity (+3).
 W - a +2 cloak of willpower (worn)
Gizmo
 l - a N-60 megaencabulator (installed) {AutoDazzle, rElec rF+}
   (You invented it yourself on level 1 of the Lair of Beasts)

   [N-60 megaencabulator]

   AutoDazzle: It sometimes fires a blinding ray at enemies whose attacks you
   dodge.
   rF+:       It protects you from fire.
   rElec:     It insulates you from electricity.
Talismans
 B - a talisman of death (active)
Wands
 a - a wand of roots (102)
 P - a wand of digging (41)
 Q - a wand of quicksilver (56)
Scrolls
 c - 3 scrolls of revelation
 d - 5 scrolls of fear
 s - 10 scrolls of blinking
 u - 11 scrolls of immolation {!r!r}
 x - 2 scrolls of enchant weapon
 F - 5 scrolls of butterflies
 J - 8 scrolls of fog
 K - 4 scrolls of poison
 M - 8 scrolls of enchant armour
 N - 23 scrolls of teleportation
 Y - 2 scrolls of silence
Potions
 f - 7 potions of berserk rage
 g - 15 potions of attraction
 h - 13 potions of brilliance
 i - 18 potions of curing
 k - 10 potions of cancellation
 n - 5 potions of enlightenment
 o - 7 potions of invisibility
 t - 16 potions of lignification {!q!q}
 z - 6 potions of might
 A - 3 potions of mutation
 C - 26 potions of heal wounds
 D - 4 potions of ambrosia
 G - 5 potions of magic
 L - a potion of resistance
Miscellaneous
 b - a phantom mirror
 p - a phial of floods
 v - a figurine of a ziggurat
 S - a box of beasts
 T - a condenser vane
 X - a lightning rod (4/4)


   Skills:
 O Level 27 Fighting
 O Level 27 Long Blades
 - Level 6.0 Throwing
 + Level 24.1 Armour
 O Level 27 Dodging
 - Level 4.0 Stealth
 O Level 27 Spellcasting
 - Level 17.0 Translocations
 - Level 10.0 Evocations
 - Level 23.0 Shapeshifting


You had 63 spell levels left.
You knew the following spells:

 Your Spells              Type           Power      Damage    Failure   Level
a - Blink                 Tloc           100%       N/A       0%          2
b - Lesser Beckoning      Tloc           100%       N/A       0%          2
c - Manifold Assault      Tloc           100%       N/A       0%          4
d - Vhi's Electric Charg  Tloc/Air       100%       N/A       1%          4
e - Passage of Golubria   Tloc           100%       N/A       0%          4
f - Apportation           Tloc           100%       N/A       0%          1

Your spell library contained the following spells:

 Spells                   Type           Power      Damage    Failure   Level
 Gell's Gravitas          Tloc           100%       N/A       0%          3
 Teleport Other           Tloc           100%       N/A       0%          3
 Foxfire                  Conj/Fire      100%       2x1d9     1%          1
 Freeze                   Ice            100%       1d10      1%          1
 Kiss of Death            Conj/Necr      100%       2d13      1%          1
 Magic Dart               Conj           100%       1d8       1%          1
 Necrotise                Necr           100%       1d9       1%          1
 Shock                    Conj/Air       100%       1d9       1%          1
 Slow                     Hex            100%       N/A       1%          1
 Sting                    Conj/Alch      100%       1d9       1%          1
 Summon Small Mammal      Summ           100%       N/A       1%          1
 Call Imp                 Summ           98%        N/A       1%          2
 Cigotuvi's Dreadful Rot  Necr/Alch/Air  98%        N/A       1%          2
 Ensorcelled Hibernation  Hex/Ice        98%        N/A       1%          2
 Jinxbite                 Hex            98%        N/A       1%          2
 Mercury Vapours          Alch/Air       98%        N/A       1%          2
 Scorch                   Fire           98%        2d9       1%          2
 Searing Ray              Conj           98%        2d8       1%          2
 Static Discharge         Conj/Air       98%        3-8/arc   1%          2
 Sublimation of Blood     Necr           49%        N/A       1%          2
 Call Canine Familiar     Summ           49%        N/A       1%          3
 Confusing Touch          Hex            49%        N/A       1%          3
 Dazzling Flash           Conj/Hex       98%        N/A       1%          3
 Frozen Ramparts          Ice            98%        1d15      1%          3
 Fugue of the Fallen      Necr           49%        N/A       1%          3
 Hailstorm                Conj/Ice       49%        3d10      1%          3
 Inner Flame              Hex/Fire       49%        N/A       1%          3
 Mephitic Cloud           Conj/Alch/Air  49%        N/A       1%          3
 Ozocubu's Armour         Ice            49%        N/A       1%          3
 Passwall                 Erth           49%        N/A       1%          3
 Sigil of Binding         Hex            49%        N/A       1%          3
 Summon Ice Beast         Ice/Summ       49%        N/A       1%          3
 Swiftness                Air            49%        N/A       1%          3
 Tukima's Dance           Hex            49%        N/A       1%          3
 Vampiric Draining        Necr           49%        2d9       1%          3
 Dimensional Bullseye     Hex/Tloc       42%        N/A       1%          4
 Iskenderun's Mystic Bla  Conj/Tloc      85%        2d17      1%          4
 Summon Forest            Summ/Tloc      42%        N/A       1%          5
 Dispersal                Tloc           54%        N/A       1%          6
 Disjunction              Tloc           54%        N/A       2%          8
 Airstrike                Air            24%        2d(4-20)  3%          4
 Anguish                  Hex/Necr       24%        N/A       3%          4
 Animate Dead             Necr           49%        N/A       3%          4
 Cause Fear               Hex            24%        N/A       3%          4
 Dispel Undead            Necr           49%        3d18      3%          4
 Flame Wave               Conj/Fire      49%        2d12      3%          4
 Fulminant Prism          Conj/Alch      24%        3d12      3%          4
 Ignite Poison            Fire/Alch      49%        N/A       3%          4
 Leda's Liquefaction      Alch/Erth      24%        N/A       3%          4
 Martyr's Knell           Necr/Summ      49%        N/A       3%          4
 Olgreb's Toxic Radiance  Alch           49%        N/A       3%          4
 Petrify                  Alch/Erth      49%        N/A       3%          4
 Sticky Flame             Fire/Alch      49%        2d9       3%          4
 Summon Blazeheart Golem  Fire/Summ      49%        N/A       3%          4
 Summon Lightning Spire   Summ/Air       49%        N/A       3%          4
 Alistair's Intoxication  Alch           32%        N/A       11%         5
 Arcjolt                  Conj/Air       24%        1d34      11%         5
 Borgnjor's Vile Clutch   Necr/Erth      24%        N/A       11%         5
 Curse of Agony           Necr           49%        N/A       11%         5
 Fireball                 Conj/Fire      24%        3d11      11%         5
 Freezing Cloud           Conj/Ice/Air   24%        6-21      11%         5
 Irradiate                Conj/Alch      24%        3d19      11%         5
 Lee's Rapid Deconstruct  Erth           24%        3d13*     11%         5
 Metabolic Englaciation   Hex/Ice        24%        N/A       11%         5
 Silence                  Hex/Air        24%        N/A       11%         5
 Summon Mana Viper        Hex/Summ       49%        N/A       11%         5
 Yara's Violent Unravell  Hex/Alch       24%        3d11      11%         5
 Bombard                  Conj/Erth      24%        9d5       52%         6
 Conjure Ball Lightning   Conj/Air       24%        3x3d7     52%         6
 Death Channel            Necr           24%        N/A       52%         6
 Eringya's Noxious Bog    Alch           24%        4d6       52%         6
 Plasma Beam              Fire/Air       24%        2x1d36    52%         6
 Sculpt Simulacrum        Ice/Alch       24%        N/A       52%         6
 Starburst                Conj/Fire      24%        6d8       52%         6
 Summon Cactus Giant      Summ           24%        N/A       52%         6
 Enfeeble                 Hex            24%        N/A       97%         7
 Haunt                    Necr/Summ      24%        N/A       97%         7
 Orb of Destruction       Conj           24%        9d9       97%         7
 Ozocubu's Refrigeration  Ice            24%        4d12      97%         7
 Spellforged Servitor     Conj/Summ      24%        N/A       97%         7
 Summon Hydra             Summ           24%        N/A       97%         7
 Borgnjor's Revivificati  Necr           24%        N/A       100%        8
 Discord                  Hex            24%        N/A       100%        8
 Ignition                 Fire           24%        3d8       100%        8
 Lehudib's Crystal Spear  Conj/Erth      24%        10d7      100%        8
 Maxwell's Capacitive Co  Air            24%        ∞         100%        8
 Summon Horrible Things   Summ           24%        N/A       100%        8
 Death's Door             Necr           24%        N/A       100%        9
 Dragon's Call            Summ           24%        N/A       100%        9
 Fire Storm               Conj/Fire      24%        8d6       100%        9
 Polar Vortex             Ice            24%        12d3*     100%        9


Dungeon Overview and Level Annotations

Branches:
Dungeon (15/15)            Temple (1/1) D:5            Lair (5/5) D:10
 Shoals (4/4) Lair:3        Snake (4/4) Lair:2        Slime (5/5) Lair:4
    Orc (2/2) D:11            Elf (3/3) Orc:2        Vaults (5/5) D:14
  Crypt (3/3) Vaults:3       Tomb (3/3) Crypt:3      Depths (4/4) D:15
   Hell (visited)             Dis (7/7) Hell            Geh (7/7) Hell
    Coc (7/7) Hell            Tar (7/7) Hell            Zot (5/5) Depths:4
 Bailey (visited)           IceCv (visited)          WizLab (visited)

Altars:
Ashenzari
Cheibriados
Dithmenos
Elyvilon
Fedhas
Gozag
Hepliaklqana
Kikubaaqudgha
Makhleb
Nemelex Xobeh
Okawaru
Qazlal
Ru
Sif Muna
Trog
Uskayaw
Vehumet
Wu Jian
Xom
Yredelemnul
Zin
The Shining One
Beogh
Jiyva
Lugonu

Shops:
D:1 *   D:4 (   D:14 *   Orc:2 !!?[   Elf:1 [   Elf:2 =   Elf:3 *   Shoals:1 !
Shoals:4 *   Snake:2 (:*   Snake:3 =:   Vaults:4 (   Depths:1 **:!
Depths:3 :=:

Portals:
Hell: Depths:1 Depths:2 Depths:3 Depths:4
Abyss: Geh:6 Depths:2 Depths:3
Pandemonium: Depths:2
Ziggurat: Depths:1

Annotations:
Lair:3 2 transporters, Aorika's ghost, journeyman MDFi
Shoals:1 1 runed translucent door, Esequ's ghost, adept FoHs
Zot:3 2 transporters


Innate Abilities, Weirdness & Mutations

You are an undying horror.
Your melee and unarmed attacks drain, slow and weaken victims.
You are immune to unholy pain and torment.
You cannot drink.
You are immune to poison.
You can wield a second weapon in your off-hand.
It takes a long time for you to wield or remove held weapons.
Your first few attacks do less damage.
You cannot equip rings or amulets.
You are agile. (Dex +4, Str/Int -1)
You occasionally lose the ability to drink potions when taking damage.
You passively dampen the noise of your surroundings.


Message History

Cheibriados appreciates the change of pace.
Casting: Manifold Assault (safe; 0% risk of failure)
Confirm with . or Enter, or press ? or * to list all spells.
You can't see anything to attack.
Casting: Manifold Assault (safe; 0% risk of failure)
Confirm with . or Enter, or press ? or * to list all spells.
You can't see anything to attack.
What level of the Dungeon? (default 1, ? - help)
You climb upwards.
There is a stone staircase leading down here.
Key pressed, stopping travel.
Unknown command.
What level of the Dungeon? (default 1, ? - help)
There is a stone staircase leading up here.
You climb upwards.
There is a stone staircase leading down here.
Magic restored.
There is a stone staircase leading up here.
You climb upwards.
There is a stone staircase leading down here.
There is a stone staircase leading up here.
You climb upwards.
There is a stone staircase leading down here.
There is a stone staircase leading up here.
You climb upwards.
There is a stone staircase leading down here.
There is a stone staircase leading up here.
You climb upwards.
There is a stone staircase leading down here.
There is an open door here.
There is an open door here.
There is a staircase leading out of the dungeon here.
You are an undying horror.
You are studying Short Blades, Axes, Staves and Shields.
Your movement speed is very slow.
Your attack delay is about 0.7 (and cannot be improved with additional weapon skill).
Your damage rating with your +9 double sword of flaming {Gilbert} is about 70 (Base 15 x 182% (Dex) x 223% (Skill) + 9 (Ench)).
Your damage rating with your +9 double sword of electrocution {Gebhard} is about 70 (Base 15 x 182% (Dex) x 223% (Skill) + 9 (Ench)).
Your base attributes are Str 14, Int 13, Dex 25.
You have escaped!

#.# #....#..........# # ##.#
#.##.############ # #..#####.##.#
# #........##.# #
#######.#########.# #
...#..............# #
##.#.############## #
.#.#.########################## #
.#.#.#.#.....#..z.....#..#....# #
.#.#.#.#..#..#.....#..........###
...#...#..#..#.....#..#..#..#....
...............................##
.###.#.......#..#..#..#..#..#.###
.....#.#..#.....#..#..=..#..#.###
.....###########################.
.....######## #####.
......#.....# ##.....


There were no monsters in sight!

Vanquished Creatures
  Cerebov (Pan)
  Antaeus (Coc:7)
  Asmodeus (Geh:7)
  Ereshkigal (Tar:7)
  Mnoleg (Pan)
  the Royal Jelly (Slime:5)
  Gloorx Vloq (Pan)
  Lom Lobon (Pan)
  2 seraphim the Serpent of Hell (Dis:7)
  11 dread liches
  Dispater (Dis:7)
  6 pandemonium lords (Pan)
  8 ancient liches
  3 orbs of fire
  Mara (Shoals:3)
  Xtahua (Vaults:3)
  Mennas (Pan)
  35 royal mummies
  5 juggernauts
  Boris (twice) (Elf:3 Crypt:1)
  Bai Suzhen (Vaults:5)
  25 shard shrikes
  Saint Roka (Snake:2)
  Vashnia (Snake:2)
  7 Killer Klowns (Zot:5)
  Margery (Vaults:5)
  Geryon (Hell)
  3 curse toes
  10 golden dragons
  25 caustic shrikes
  Jory (Vaults:3)
  22 bone dragons
  10 profane servitors
  11 doom hounds
  20 Tzitzimimeh
  2 electric golems (Zot:5)
  Jorgrun (Orc:2)
  21 Brimstone Fiends
  Zenata (Crypt:1)
  17 tentacled monstrosities
  7 iron giants
  5 spectral shard shrikes
  2 shard shrike skeletons
  Rupert (Lair:4)
  28 Ice Fiends
  A walking crystal tome (Depths:4)
  10 hellephants
  19 Hell Sentinels
  17 tainted leviathans
  11 quicksilver dragons
  8 liches
  13 sphinxes
  26 Orb Guardians
  2 deep elf blademasters (Elf:3)
  21 acid blobs
  25 searing wretches
  22 titans
  19 Executioners
  A deep elf master archer (Elf:3)
  42 ancient champions
  Kirke (Shoals:1)
  3 krakens
  8 death cobs
  14 storm dragons
  An eldritch tentacle (Pan)
  8 tengu reavers
  7 shadow dragons
  Ilsuiw (Shoals:2)
  12 nagarajas
  6 draconian monks
  14 narguns
  8 rockslimes
  5 demonspawn warmongers (Pan)
  26 daevas
  2 fenstrider witches (Pan)
  15 fire giants
  16 azure jellies
  A revenant (Crypt:2)
  11 vault wardens
  14 protean progenitors
  3 draconian scorchers
  5 quicksilver elementals
  12 deep elf sorcerers
  70 balrugs
  9 draconian shifters
  9 deep elf elementalists
  4 ghost moths
  10 iron dragons
  9 shard shrike simulacra
  A spectral juggernaut (Tar:6)
  13 frost giants
  43 angels
  2 spectral caustic shrikes
  2 caustic shrike zombies
  7 draconian annihilators
  5 curse skulls
  6 ghouls
  32 cacodemons (Pan)
  4 draconian stormcallers
  20 reapers
  25 ophanim
  3 spriggan defenders
  5 orc warlords
  16 ironbound preservers
  4 caustic shrike skeletons
  24 stone giants
  6 demonspawn blood saints (Pan)
  4 formless jellyfish
  23 very ugly things
  8 deep elf death magi
  23 elemental wellsprings
  14 quicksilver oozes
  12 demonspawn corrupters
  6 vampire knights
  2 ironbound thunderhulks
  15 green draconians
  3 juggernaut skeletons
  12 deep elf annihilators
  29 apis (Pan)
  45 war gargoyles
  4 spectral titans
  17 putrid mouths
  6 demonspawn black suns (Pan)
  21 lorocyprocas
  7 purple draconians
  6 white draconians
  8 black draconians
  10 bennus
  11 deep elf demonologists
  2 starcursed masses (Abyss:2)
  19 wendigos
  Azrael (Elf:1)
  A dire elephant (Vaults:1)
  11 red draconians
  18 eidola
  27 spark wasps
  5 yellow draconians
  7 merfolk javelineers
  13 blizzard demons
  3 crystal guardians (Crypt:3)
  2 quicksilver dragon zombies
  5 spectral quicksilver dragons
  9 green deaths
  A spriggan zombie (Tomb:1)
  17 ettins
  30 iron golems
  8 jiangshi
  15 yaktaur captains
  An entropy weaver (Vaults:1)
  7 merfolk impalers
  23 mummy priests
  10 fire dragons
  18 salamander tyrants
  6 deep elf high priests
  9 great orbs of eyes
  7 ice dragons
  5 spectral spriggans
  29 vault guards
  3 ogre magi (Vaults:5)
  A peacekeeper (Vaults:2)
  5 juggernaut simulacra
  An alligator (Pan)
  8 hydras
  8 rakshasas
  2 hell beasts
  13 caustic shrike simulacra
  7 ironbound frosthearts
  5 merfolk avatars
  4 spriggan air magi
  6 stokers
  A sphinx zombie (Crypt:1)
  4 jorogumos (Pan)
  12 centaur warriors
  A death knight (Crypt:2)
  3 merfolk aquamancers
  42 dancing weapons
  9 anacondas
  2 satyrs (Shoals:2)
  7 tengu warriors
  2 alligator snapping turtles (Shoals:4)
  9 two-headed ogres
  12 boulder beetles
  88 death scarabs
  3 deep troll shamans
  27 hell hogs
  A titan zombie (Crypt:3)
  A spectral stone giant (Tar:4)
  8 vampire magi
  6 demonic crawlers
  A spectral dire elephant (Tar:3)
  5 spectral nagas
  5 deep troll earth magi
  A two-headed ogre (shapeshifter) (Depths:2)
  8 orc high priests
  5 spriggan berserkers
  8 shock serpents
  A shock serpent (shapeshifter) (Depths:2)
  Sonja (D:10)
  16 naga warriors
  Nergalle (Lair:3)
  13 naga sharpshooters
  39 shadow wraiths
  3 occultists (WizLab)
  3 wretched stars
  6 hellephant skeletons (Pan)
  26 soul eaters
  120 sun demons
  16 hell knights
  14 deep elf knights
  12 crystal echidnas
  3 salamander mystics
  A titan skeleton (Crypt:3)
  7 skysharks
  A ghost moth zombie (Crypt:1)
  42 sixfirhies (Pan)
  26 skeletal warriors
  21 shadow demons
  19 sea snakes
  A spectral anaconda (Tar:5)
  9 iron trolls
  2 goliath frogs (Lair:5)
  58 deep trolls
  Lodul (D:14)
  29 cherubim
  A storm dragon skeleton (D:15)
  7 flayed ghosts (Pan)
  16 sun moths (Pan)
  A golden dragon zombie (Depths:2)
  An orange crystal statue (Zot:5)
  7 quicksilver dragon simulacra
  An orb spider (shapeshifter) (Vaults:5)
  2 anaconda zombies
  6 deep elf archers
  4 glowing orange brains
  2 spriggan simulacra
  15 arcanists
  11 mana vipers
  5 lindwurms
  4 naga ritualists
  An anaconda skeleton (Crypt:1)
  6 bog bodies
  A fenstrider witch simulacrum (Coc:1)
  16 orc knights
  16 phantasmal warriors
  32 harpies
  2 shadow dragon zombies
  17 ironbound convokers
  A spectral ettin (Tar:2)
  29 deep elf pyromancers
  7 shining eyes
  11 necromancers
  2 alligator zombies (Hell)
  A thermic dynamo (Elf:3)
  29 deep elf zephyrmancers
  A goliath frog zombie (Crypt:2)
  An iron dragon zombie (Tar:7)
  38 ugly things
  9 manticores
  3 oklob plants (Lair:5)
  11 fauns (Shoals:2)
  8 orc sorcerers
  9 cyclopes
  A shining eye (shapeshifter) (WizLab)
  13 salamanders
  9 elephants
  Maurice (Orc:2)
  An alligator skeleton (Hell)
  4 merfolk sirens
  28 moths of wrath
  2 worldbinders
  3 eyes of devastation
  A spectral centaur (Tar:1)
  3 meliai (D:14)
  A stone giant skeleton (Tomb:1)
  A fire giant skeleton (Crypt:2)
  An apocalypse crab (Abyss:2)
  35 smoke demons
  8 molten gargoyles (Geh:7)
  7 kobold blastminers (Orc:2)
  7 guardian serpents
  2 dire elephant zombies
  38 orange demons (Pan)
  5 ice statues
  A naga zombie (Tar:7)
  11 rust devils
  37 large abominations
  6 titan simulacra
  9 water nymphs
  41 black mambas
  An elephant (shapeshifter) (Vaults:5)
  15 vault sentinels
  17 naga magi
  8 komodo dragons
  23 cane toads
  2 torpor snails
  2 pale draconian zombies (Crypt:1)
  3 unseen horrors
  3 centaur skeletons
  3 naga skeletons
  2 rime drakes
  20 hellions
  15 efreet
  19 yaktaurs
  A dire elephant skeleton (Crypt:3)
  2 kobold demonologists
  A komodo dragon (shapeshifter) (Vaults:5)
  19 tormentors
  An alligator snapping turtle skeleton (Crypt:3)
  2 tengu conjurers (D:14)
  5 anaconda simulacra
  10 freezing wraiths
  2 bunyip simulacra
  A redback zombie (Crypt:2)
  4 ice devils
  2 sea snake zombies (Hell)
  A death yak skeleton (Crypt:2)
  39 guardian mummies
  3 spectral harpies
  A cane toad (shapeshifter) (Vaults:5)
  An ancient zyme (Abyss:2)
  8 red devils (Pan)
  6 trolls
  A hydra zombie (Hell)
  27 merfolk
  30 hellwings (Pan)
  A golden dragon simulacrum (Coc:6)
  A queen bee (shapeshifter) (D:14)
  A troll (shapeshifter) (Elf:2)
  7 hornets
  2 harpy skeletons
  4 harpy zombies
  4 tyrant leeches
  4 iron giant simulacra
  3 raiju
  A polar bear (Lair:4)
  A tarantella (Vaults:1)
  A guardian serpent zombie (Crypt:1)
  6 wind drakes
  2 ettin zombies
  10 glass eyes
  6 snapping turtles
  17 dream sheep
  15 blink frogs
  A boulder beetle zombie (Crypt:2)
  2 stone giant simulacra
  3 iron dragon simulacra
  3 shadows
  A jumping spider (Vaults:1)
  33 ushabtiu
  16 water elementals
  31 ynoxinuls (Pan)
  An air elemental (Elf:1)
  2 wraiths
  Eustachio (D:6)
  6 spriggans
  3 wyverns
  3 fire bats (Depths:4)
  71 yaks
  173 slime creatures
  12 dire elephant simulacra
  4 spriggan skeletons
  2 alligator snapping turtle simulacra
  4 basilisks
  7 fire elementals
  9 wargs
  Grum (D:8)
  A warg (shapeshifter) (Abyss:3)
  10 golden eyes
  6 hogs (Shoals:1)
  A redback (shapeshifter) (Vaults:5)
  A redback (Vaults:1)
  A death yak simulacrum (IceCv)
  12 vampire mosquitoes
  13 neqoxecs (Pan)
  22 chaos spawn
  2 steam dragons
  19 harpy simulacra
  39 nagas
  5 acid dragons
  7 hydra simulacra
  A naga (shapeshifter) (Elf:2)
  14 water moccasins
  5 hell hounds
  57 orc warriors
  4 ice beasts
  3 black bears
  30 laughing skulls
  A snapping turtle zombie (Crypt:2)
  22 ogres
  A black mamba simulacrum (Coc:1)
  9 ettin simulacra
  A hornet zombie (D:6)
  5 boggarts (Vaults:1)
  2 wolves (D:8)
  8 centaurs
  4 phantoms
  2 kobold brigands
  2 weeping skulls (Abyss:2)
  19 bullfrogs
  A gnoll sergeant (D:11)
  A glowing shapeshifter simulacrum (Depths:2)
  4 earth elementals
  2 naga simulacra
  2 scorpions
  5 small abominations
  10 wights
  2 wyvern skeletons (D:6)
  A water moccasin skeleton (D:6)
  8 killer bees
  2 elephant simulacra (IceCv)
  A howler monkey (shapeshifter) (D:14)
  A raiju skeleton (Crypt:2)
  4 howler monkeys
  12 electric eels
  3 centaur zombies
  A bullfrog zombie (D:6)
  6 jellies
  A bombardier beetle (D:4)
  4 hounds
  31 orc priests
  3 gnoll boudas
  6 iguanas
  2 sleepcaps (D:6)
  21 orc wizards
  A hell rat (Hell)
  2 polar bear simulacra (IceCv)
  A killer bee zombie (D:6)
  3 centaur simulacra
  54 mummies
  Robin (D:4)
  21 gnolls
  6 adders
  A shadow imp (D:6)
  16 white imps
  4 ufetubi
  A dart slug (D:4)
  122 orcs
  11 ball pythons
  4 bats
  13 endoplasms
  A giant cockroach (D:3)
  20 goblins
  10 hobgoblins
  6 jackals
  3 quokkas
  3 frilled lizards
  24 kobolds
  An orc skeleton (Crypt:2)
  A quokka zombie (Crypt:1)
  2 rats (D:1)
  10 aspiring fleshes
  10 creeping infernos
  17 fire vortices
  2 lurking horrors (Geh:6)
  6 tentacles
4713 creatures vanquished.

Vanquished Creatures (others)
  A shard shrike simulacrum (Coc:7)
  An anaconda simulacrum (Coc:6)
  A naga simulacrum (Coc:6)
  A chaos spawn (Pan)
  A fire vortex (Pan)
  14 tentacles
19 creatures vanquished.

Grand Total: 4732 creatures vanquished

Notes
Turn   | Place    | Note
-------+----------+-------------------------------------------
     0 | D:1      | Ray the Coglin Warper began the quest for the Orb.
     0 | D:1      | Reached XP level 1. HP: 16/16 MP: 3/3
   203 | D:1      | Reached XP level 2. HP: 22/22 MP: 4/4
   619 | D:1      | Found Lilolyir's Assorted Antiques.
   628 | D:1      | Bought a scroll labelled JEFUTU KAUT ACRA for 22 gold
                  | pieces
   628 | D:1      | Bought a scroll labelled JEFUTU KAUT ACRA for 22 gold
                  | pieces
   974 | D:2      | Reached XP level 3. HP: 25/27 MP: 5/5
   977 | D:2      | Learned a level 2 spell: Blink
  1456 | D:2      | Reached XP level 4. HP: 27/33 MP: 6/6
  2337 | D:3      | Reached skill level 5 in Long Blades
  2337 | D:3      | Reached XP level 5. HP: 36/38 MP: 7/7
  2703 | D:4      | Found Tylidaz's Weapon Boutique.
  2716 | D:4      | Bought a +0 falchion for 42 gold pieces
  2992 | D:4      | Learned a level 2 spell: Lesser Beckoning
  3026 | D:4      | Noticed Robin
  3040 | D:4      | Reached XP level 6. HP: 43/44 MP: 8/8
  3045 | D:4      | Killed Robin
  3825 | D:5      | Entered Level 5 of the Dungeon
  4046 | D:5      | Noticed an ice beast
  4059 | D:5      | HP: 1/44 [ice beast (11)]
  4064 | D:5      | Killed an ice beast
  4065 | D:5      | Reached XP level 7. HP: 34/50 MP: 6/9
  4730 | D:5      | Found a staircase to the Ecumenical Temple.
  4973 | Temple   | Entered the Ecumenical Temple
  4973 | Temple   | Noticed a Hell Sentinel
  4973 | Temple   | Noticed a shadow demon
  4973 | Temple   | Noticed a tormentor
  4974 | Temple   | Noticed Sifuokal the pandemonium lord
  4974 | Temple   | Noticed Bisuth the pandemonium lord
  4974 | Temple   | Noticed a Tzitzimitl
  4975 | Temple   | Noticed a hellion
  4975 | Temple   | Noticed a hellion
  4976 | Temple   | Noticed a Hell Sentinel
  4976 | Temple   | Noticed Bithorch the pandemonium lord
  4977 | Temple   | Noticed a soul eater
  4992 | Temple   | Became a worshipper of Cheibriados the Contemplative
  5429 | D:6      | Reached XP level 8. HP: 56/56 MP: 10/10
  5805 | D:6      | Reached skill level 10 in Long Blades
  5836 | D:6      | Reached * piety under Cheibriados
  5846 | D:6      | Noticed Eustachio
  5856 | D:6      | Killed Eustachio
  6109 | D:6      | Reached XP level 9. HP: 48/63 MP: 12/12
  6382 | D:6      | Reached ** piety under Cheibriados
  6512 | D:6      | Reached skill level 5 in Translocations
  6868 | D:7      | Reached skill level 1 in Evocations
  7290 | D:7      | Found a broken altar of Ashenzari.
  7843 | D:7      | Found a white marble altar of Elyvilon.
  8029 | D:8      | Reached XP level 10. HP: 72/72 MP: 15/15
  8072 | D:8      | Learned a level 4 spell: Manifold Assault
  8077 | D:8      | Learned a level 4 spell: Vhi's Electric Charge
  8234 | D:8      | Reached *** piety under Cheibriados
  8237 | D:8      | Reached skill level 1 in Armour
  8305 | D:8      | Found a bloodstained altar of Trog.
  8305 | D:8      | Found a shadowy altar of Dithmenos.
  8361 | D:8      | Noticed Grum
  8364 | D:8      | Killed Grum
  9746 | D:9      | Noticed a two-headed ogre
  9750 | D:9      | Killed a two-headed ogre
  9751 | D:9      | Reached skill level 5 in Fighting
  9921 | D:9      | Reached **** piety under Cheibriados
 10263 | D:9      | Found a glowing silver altar of Zin.
 10314 | D:10     | Entered Level 10 of the Dungeon
 10347 | D:10     | Found a flagged portal.
 10356 | D:10     | Noticed a kobold demonologist
 10362 | D:10     | Killed a kobold demonologist
 10424 | Bailey   | Entered a bailey
 10439 | Bailey   | Noticed an orc warlord
 10475 | Bailey   | Reached XP level 11. HP: 58/80 MP: 17/17
 10559 | Bailey   | Found a runed translucent gate.
 10561 | Bailey   | Found a runed translucent gate.
 10563 | Bailey   | Found a runed translucent gate.
 10788 | Bailey   | Killed an orc warlord
 10805 | Bailey   | Identified the +3 fire dragon scales of Indemnity {rF++ rC-
                  | MP+9 SInv}
 10850 | Bailey   | Reached skill level 5 in Dodging
 10850 | Bailey   | Reached skill level 5 in Spellcasting
 10850 | Bailey   | Reached XP level 12. HP: 89/89 MP: 17/19
 11035 | D:10     | Found an iron altar of Okawaru.
 11106 | D:10     | Reached ***** piety under Cheibriados
 11294 | D:10     | Noticed Sonja
 11300 | D:10     | Killed Sonja
 11470 | D:10     | Found a staircase to the Lair.
 11640 | D:10     | Noticed a boulder beetle
 11640 | D:10     | Noticed a centaur warrior
 11642 | D:10     | Killed a centaur warrior
 11643 | D:10     | Killed a boulder beetle
 11688 | D:10     | Noticed a sphinx
 11696 | D:10     | Noticed a centaur warrior
 11699 | D:10     | Killed a sphinx
 11704 | D:10     | Killed a centaur warrior
 11705 | D:10     | Reached skill level 10 in Translocations
 11717 | D:10     | Reached skill level 5 in Armour
 11888 | D:10     | Noticed a boulder beetle
 11894 | D:10     | Killed a boulder beetle
 11949 | D:10     | Noticed a six-headed hydra
 11954 | D:10     | Killed a five-headed hydra
 11955 | D:10     | Reached XP level 13. HP: 64/96 MP: 17/22
 12039 | D:10     | Identified the +6 scimitar of the Pyrrhic Victory {drain,
                  | rElec MP+9 Dex+3}
 12128 | D:10     | Found a stormy altar of Qazlal.
 12696 | D:11     | Found a staircase to the Orcish Mines.
 12705 | D:11     | Reached ****** piety under Cheibriados
 12716 | D:11     | Found a roughly hewn altar of Beogh.
 13091 | Orc:1    | Entered Level 1 of the Orcish Mines
 13959 | D:8      | Noticed a rakshasa
 13964 | D:8      | Killed a rakshasa
 13979 | D:8      | Noticed a fire dragon
 13983 | D:8      | Killed a fire dragon
 14416 | Orc:2    | Entered Level 2 of the Orcish Mines
 14772 | Orc:2    | Noticed Jorgrun
 14781 | Orc:2    | Killed Jorgrun
 15507 | Orc:2    | Noticed Maurice
 15510 | Orc:2    | Killed Maurice
 15648 | Orc:2    | Identified the +5 arbalest of Untruth {antimagic, Dex+3}
 15882 | Orc:2    | Reached XP level 14. HP: 106/106 MP: 26/26
 15949 | Orc:2    | Found a roughly hewn altar of Beogh.
 16240 | Orc:2    | Found Didicsexu's Distillery.
 16316 | Orc:2    | Bought a potion of magic for 128 gold pieces
 16316 | Orc:2    | Bought a potion of invisibility for 128 gold pieces
 16316 | Orc:2    | Bought a potion of curing for 48 gold pieces
 16316 | Orc:2    | Bought a potion of heal wounds for 80 gold pieces
 16316 | Orc:2    | Bought a potion of heal wounds for 80 gold pieces
 16316 | Orc:2    | Bought a potion of might for 64 gold pieces
 16316 | Orc:2    | Bought a potion of cancellation for 128 gold pieces
 16323 | Orc:2    | Found Feupsut's Distillery.
 16396 | Orc:2    | Bought 2 potions of ambrosia for 192 gold pieces
 16821 | Orc:2    | Noticed an orc warlord
 16825 | Orc:2    | Killed an orc warlord
 16974 | Orc:2    | Found a roughly hewn altar of Beogh.
 17000 | Orc:2    | Found Pilacu Tofu's Antique Armour Shoppe.
 17170 | Orc:2    | Found Hesoddeu's Magic Scroll Emporium.
 17182 | Orc:2    | Bought a scroll of fog for 52 gold pieces
 17182 | Orc:2    | Bought a scroll of revelation for 97 gold pieces
 17356 | Orc:2    | Found a staircase to the Elven Halls.
 17674 | Lair:1   | Entered Level 1 of the Lair of Beasts
 17728 | Lair:1   | Acquired a N-60 megaencabulator {AutoDazzle, rElec rF+}
 18508 | Lair:2   | Reached skill level 15 in Long Blades
 18548 | Lair:2   | Found a staircase to the Snake Pit.
 18891 | Lair:2   | Reached XP level 15. HP: 114/114 MP: 28/28
 19114 | Lair:3   | Noticed Aorika's ghost (journeyman MDFi)
 19114 | Lair:3   | Found a transporter.
 19114 | Lair:3   | Found a transporter.
 19189 | Lair:3   | Noticed Nergalle
 19192 | Lair:3   | Killed Nergalle
 19636 | Lair:3   | Found a staircase to the Shoals.
 19945 | Lair:4   | Noticed Rupert
 19949 | Lair:4   | Killed Rupert
 20224 | Lair:4   | Reached skill level 10 in Spellcasting
 20289 | Lair:4   | Found a staircase to the Slime Pits.
 20289 | Lair:4   | Found a viscous altar of Jiyva.
 20891 | Lair:5   | Entered Level 5 of the Lair of Beasts
 20896 | Lair:5   | Reached skill level 10 in Fighting
 20972 | Lair:5   | Found a frozen archway.
 21079 | IceCv    | Entered an ice cave
 21706 | IceCv    | Identified the +6 great sword "Nocsuun" {flame, rF+ Str+5}
 21815 | Lair:5   | Got the Catalogue of Enchanting Dislocation
 21829 | Lair:5   | Reached XP level 16. HP: 122/122 MP: 17/30
 23503 | D:13     | Found a roughly hewn altar of Beogh.
 24356 | D:14     | Found Maeruot's Gadget Gallery.
 24410 | D:14     | Bought a box of beasts for 720 gold pieces
 24453 | D:14     | Noticed Lodul
 24456 | D:14     | Killed Lodul
 24674 | D:14     | Found a shadowy altar of Dithmenos.
 24994 | D:14     | Found a gate to the Vaults.
 25092 | D:15     | Entered Level 15 of the Dungeon
 25173 | D:15     | Found a viscous altar of Jiyva.
 25443 | D:15     | Reached XP level 17. HP: 126/131 MP: 2/32
 25601 | D:15     | Reached skill level 5 in Evocations
 25601 | D:15     | Found a staircase to the Depths.
 26451 | Shoals:1 | Entered Level 1 of the Shoals
 26615 | Shoals:1 | Found a runed translucent door.
 26810 | Shoals:1 | Noticed Kirke
 26813 | Shoals:1 | Killed Kirke
 26855 | Shoals:1 | Reached skill level 1 in Stealth
 26861 | Shoals:1 | Found Ullaeffi's Distillery.
 26876 | Shoals:1 | Noticed Esequ's ghost (adept FoHs)
 26987 | Shoals:1 | Noticed a kraken
 26998 | Shoals:1 | Killed a kraken
 27129 | Shoals:2 | Noticed Ilsuiw
 27140 | Shoals:2 | Killed Ilsuiw
 27406 | Shoals:2 | Reached skill level 10 in Dodging
 28356 | Shoals:3 | Identified a scroll of acquirement
 28357 | Shoals:3 | Acquired the +0 helmet of Fortitude {Dex+5}
 28408 | Shoals:3 | Noticed a kraken
 28427 | Shoals:3 | Killed a kraken
 28651 | Shoals:3 | Noticed Mara
 28655 | Shoals:3 | Noticed Ray's illusion
 28660 | Shoals:3 | Killed Mara
 28764 | Shoals:3 | Noticed a kraken
 28772 | Shoals:3 | Killed a kraken
 29291 | Shoals:4 | Entered Level 4 of the Shoals
 29318 | Shoals:4 | Reached XP level 18. HP: 139/139 MP: 34/34
 29503 | Shoals:4 | Got a barnacled rune of Zot
 30183 | Shoals:4 | Found Nihic's General Store.
 30407 | Shoals:4 | Identified the +3 leather armour of the Apothecary {rC+
                  | Str+5 SInv}
 30499 | Shoals:4 | Reached skill level 10 in Armour
 30598 | Shoals:4 | Learned a level 4 spell: Passage of Golubria
 30600 | Shoals:4 | Learned a level 1 spell: Apportation
 30996 | Snake:1  | Entered Level 1 of the Snake Pit
 31978 | Snake:2  | Found Guuhec's Assorted Antiques.
 31990 | Snake:2  | Found Tewnop's Book Boutique.
 31992 | Snake:2  | Found Mejocvum's Weapon Shop.
 32033 | Snake:2  | Identified the +5 leather armour of Seolenw Keus {rF+
                  | Regen+ rCorr Dex-4}
 32159 | Snake:2  | Noticed Saint Roka
 32166 | Snake:2  | Killed Saint Roka
 32372 | Snake:2  | Noticed Vashnia
 32377 | Snake:2  | Killed Vashnia
 32378 | Snake:2  | Reached XP level 19. HP: 140/146 MP: 34/36
 32933 | Snake:3  | Found a flickering gateway to a bazaar.
 32945 | Bazaar   | Entered a bazaar
 32945 | Bazaar   | Found Cipnuiqa's Antique Weapon Boutique.
 32947 | Bazaar   | Found Amaleybome's Armour Shop.
 32961 | Bazaar   | Found Odgha's Distillery.
 32968 | Bazaar   | Found Wengummixt's Jewellery Boutique.
 33027 | Bazaar   | Bought the +1 helmet of the Postmodern Souls {rC++ Int+8
                  | Stlth-} for 543 gold pieces
 33046 | Bazaar   | Bought a potion of invisibility for 72 gold pieces
 33046 | Bazaar   | Bought a potion of ambrosia for 72 gold pieces
 33046 | Bazaar   | Bought a potion of curing for 27 gold pieces
 33046 | Bazaar   | Bought a potion of heal wounds for 45 gold pieces
 33046 | Bazaar   | Bought a potion of curing for 27 gold pieces
 33046 | Bazaar   | Bought a potion of mutation for 72 gold pieces
 33121 | Snake:3  | Reached skill level 1 in Throwing
 33208 | Snake:3  | Found Suav's Book Emporium.
 33208 | Snake:3  | Found Odaov's Jewellery Shoppe.
 33367 | Snake:4  | Entered Level 4 of the Snake Pit
 34092 | Snake:4  | Got a serpentine rune of Zot
 34720 | Elf:1    | Entered Level 1 of the Elven Halls
 34775 | Elf:1    | Found Keonleb's Armour Shoppe.
 34820 | Elf:1    | Reached XP level 20. HP: 155/156 MP: 37/37
 34822 | Elf:1    | Reached skill level 10 in Evocations
 34867 | Elf:1    | Found a magical portal.
 34876 | WizLab   | Entered Alistair's Party Mansion
 35316 | WizLab   | Paralysed by a sphinx for 4 turns
 36000 | Elf:1    | You fall into a shaft and drop 1 floor!
 36096 | Elf:2    | Acquired the +1 pair of boots of Servitude {rN+ Int+2 SInv}
 36286 | Elf:2    | Found a runed translucent gate.
 36289 | Elf:2    | Found a runed translucent gate.
 36289 | Elf:2    | Found a runed translucent gate.
 36656 | Abyss:2  | Cast into level 2 of the Abyss (a deep elf demonologist)
 36657 | Abyss:2  | Found a corrupted altar of Lugonu.
 36670 | Abyss:2  | Found a corrupted altar of Lugonu.
 36690 | Elf:2    | Escaped the Abyss
 36870 | Elf:2    | Found Isoucwyx's Jewellery Boutique.
 36940 | Elf:2    | Identified the +8 hand axe of World Downfall {flame, rF-
                  | rC+ rN+ Int+3}
 37230 | Elf:1    | Identified the +1 spear of Intimidation {drain, ^Drain rF+
                  | rC+}
 37285 | Elf:1    | Bought the +0 pair of fencer's gloves {Riposte Dex+3} for
                  | 720 gold pieces
 37285 | Elf:1    | Found the +0 pair of fencer's gloves {Riposte Dex+3}
 37391 | Elf:1    | Noticed Azrael
 37398 | Elf:1    | Killed Azrael
 37449 | Elf:1    | Got the Papyrus of Consolidated Forces
 37494 | Elf:1    | Reached XP level 21. HP: 165/165 MP: 39/39
 37926 | Elf:3    | Entered Level 3 of the Elven Halls
 38035 | Elf:3    | Found Koam Kaa's General Store.
 38043 | Elf:3    | Bought a potion of curing for 60 gold pieces
 38048 | Elf:3    | Identified the +2 robe "Ytrypliv" {Int+4}
 38048 | Elf:3    | Noticed Boris
 38055 | Elf:3    | Killed Boris
 38488 | Elf:3    | Reached skill level 5 in Throwing
 38814 | Elf:3    | Identified the +1 mace "Cioq" {freeze, Int+3 SInv}
 38814 | Elf:3    | Identified the ring of Zobau {Str+4 Int+6 Dex+4}
 38824 | Elf:3    | Identified the ring of the Will of the Gods {rF+ rC+ EV+5}
 39013 | Elf:3    | Identified the +6 shortbow "Ischobui" {freeze, ^Contam
                  | rPois Str+3 Dex+2}
 39024 | Elf:3    | Got Sif Muna's Cyclopedia of the Gargoyle and Pyromancy
 39027 | Elf:3    | Got Sif Muna's Incunable of Kinetic Energy
 39060 | Elf:3    | Identified the +4 short sword of the Badger {protect,
                  | +Blink rElec Stlth-}
 39082 | Elf:3    | Found the +5 Storm Queen's Shield {shock, Fly rElec}
 39189 | Elf:3    | Acquired 1256 gold pieces
 39543 | Vaults:1 | Entered Level 1 of the Vaults
 39616 | Vaults:1 | Got the Parchment of the Yliaster
 40406 | Vaults:1 | Reached skill level 15 in Spellcasting
 40406 | Vaults:1 | Reached XP level 22. HP: 174/174 MP: 38/41
 40893 | Vaults:2 | Reached skill level 15 in Fighting
 41029 | Vaults:2 | Found a glowing golden altar of the Shining One.
 41211 | Vaults:2 | Identified the +6 scale mail "Cyore" {SInv}
 41323 | Vaults:2 | Reached skill level 15 in Translocations
 41705 | Vaults:3 | Noticed Xtahua
 41715 | Vaults:3 | Killed Xtahua
 42020 | Vaults:3 | Found a staircase to the Crypt.
 42029 | Vaults:3 | Noticed Jory
 42035 | Vaults:3 | Killed Jory
 42641 | Vaults:4 | Found the +8 demon trident "Rift" {distort, reach+}
 42900 | Vaults:4 | Reached XP level 23. HP: 183/183 MP: 42/42
 43324 | Vaults:4 | Found Enweyzon's Weapon Emporium.
 43889 | Depths:1 | Entered Level 1 of the Depths
 43922 | Depths:1 | Found Neexkues's Book Boutique.
 43946 | Depths:1 | Found a gateway to Hell.
 44005 | Depths:1 | Found a one-way gateway to a ziggurat.
 44117 | Depths:1 | Found a transporter.
 44149 | Depths:1 | Found Yduz Elanio's General Store.
 44486 | Depths:1 | Found Tanoshre's Distillery.
 44496 | Depths:1 | Bought a potion of heal wounds for 90 gold pieces
 44496 | Depths:1 | Bought a potion of curing for 54 gold pieces
 44496 | Depths:1 | Bought a potion of heal wounds for 90 gold pieces
 44496 | Depths:1 | Bought a potion of heal wounds for 90 gold pieces
 44496 | Depths:1 | Bought a potion of ambrosia for 144 gold pieces
 44519 | Depths:1 | Found a sparkling altar of Nemelex Xobeh.
 44626 | Depths:1 | Found a transporter.
 44737 | Depths:1 | Found Luimeasm's Assorted Antiques.
 44744 | Depths:1 | Bought a scroll of brand weapon for 427 gold pieces
 44924 | Depths:1 | Bought a scroll of blinking for 142 gold pieces
 44924 | Depths:1 | Bought a scroll of brand weapon for 180 gold pieces
 44924 | Depths:1 | Bought a scroll of butterflies for 76 gold pieces
 44924 | Depths:1 | Bought a throwing net for 57 gold pieces
 44976 | Depths:2 | Noticed a juggernaut
 44980 | Depths:2 | Killed a juggernaut
 45021 | Depths:2 | Noticed an ancient lich
 45487 | Depths:2 | Killed an ancient lich
 45927 | Depths:2 | Identified the +4 triple sword "Eniczud" {spect, rC+ Int+6}
 45927 | Depths:2 | Identified the +6 scale mail of Efabadd {MP+9 Slay+3
                  | Stlth+}
 45949 | Depths:2 | Identified the ring "Wusiptist" {rElec MP+9 Str+7 Slay-6}
 46352 | Depths:2 | Found a one-way gate leading to the halls of Pandemonium.
 46401 | Depths:2 | Found a radiant altar of Vehumet.
 46485 | Depths:2 | Identified the amulet of Uzxaq {Spirit rElec rPois}
 46506 | Depths:2 | Identified the amulet of Divine Compulsion {Reflect Int+4
                  | SH+5 Stlth+}
 46595 | Depths:2 | Found a one-way gate to the infinite horrors of the Abyss.
 46600 | Depths:2 | Identified the +1 scale mail "Icsiagoz" {Str+2 Int+2
                  | Slay+3}
 46781 | Depths:3 | Reached skill level 15 in Dodging
 46976 | Depths:3 | Reached XP level 24. HP: 185/193 MP: 37/43
 47817 | Depths:3 | Found Riomp's Book Emporium.
 47818 | Depths:3 | Found Jiqiorul's Jewellery Boutique.
 47819 | Depths:3 | Found Fingoh's Book Emporium.
 47850 | Depths:4 | Entered Level 4 of the Depths
 48631 | Depths:4 | Identified the +9 plate armour of Objectivity {rElec rN+
                  | Str-4 Stlth+}
 48632 | Depths:4 | Identified the +9 whip of Qiosomig {freeze, *Corrode +Blink
                  | Str+6}
 48634 | Depths:4 | Identified the +0 scale mail of Terrible Music {+Blink}
 48665 | Depths:4 | Noticed a caustic shrike
 48667 | Depths:4 | Noticed a caustic shrike
 48668 | Depths:4 | Killed a caustic shrike
 48668 | Depths:4 | Noticed a caustic shrike
 48669 | Depths:4 | Killed a caustic shrike
 48673 | Depths:4 | Killed a caustic shrike
 49108 | Depths:4 | Found a gate to the Realm of Zot.
 49654 | Crypt:1  | Entered Level 1 of the Crypt
 49671 | Crypt:1  | Noticed Zenata
 49681 | Crypt:1  | Killed Zenata
 50018 | Crypt:1  | Identified the +4 robe of the Hidden Vale {rPois Str+4
                  | Int+3 Dex+2}
 50018 | Crypt:1  | Noticed Boris
 50024 | Crypt:1  | Killed Boris
 50264 | Crypt:1  | Reached XP level 25. HP: 194/203 MP: 42/44
 50360 | Crypt:1  | Found an ancient bone altar of Kikubaaqudgha.
 51912 | Crypt:3  | Entered Level 3 of the Crypt
 52425 | Crypt:3  | Identified the amulet "Mugiapat" {rElec rPois Regen+ SInv
                  | Stlth-}
 52458 | Crypt:3  | Found a basalt altar of Yredelemnul.
 52458 | Crypt:3  | Noticed a dread lich
 52463 | Crypt:3  | Killed a dread lich
 52862 | Crypt:3  | Found a staircase to the Tomb.
 52870 | Crypt:3  | Identified the staff "Xefo" {rN+ Stlth+ Necro}
 53317 | Vaults:5 | Entered Level 5 of the Vaults
 53331 | Vaults:5 | Reached skill level 1 in Shapeshifting
 53491 | Vaults:5 | Identified the +1 rapier of the Past {freeze, ^Fragile
                  | Will++ Int+3 Dex+3}
 53491 | Vaults:5 | Identified the ring "Louwam" {rC+ Str+3 SInv}
 53690 | Vaults:5 | Identified the ring of the Tormentor {Fly Will+ Str+3
                  | Stlth+}
 53714 | Vaults:5 | Got a silver rune of Zot
 54041 | Vaults:5 | Reached XP level 26. HP: 213/213 MP: 44/44
 54300 | Vaults:5 | Noticed an ancient lich
 54305 | Vaults:5 | Killed an ancient lich
 54311 | Vaults:5 | Identified the +2 ring mail of Chimes {Will+ Int+4 Stlth+}
 54704 | Vaults:5 | Noticed an ancient lich
 54705 | Vaults:5 | Noticed Margery
 54709 | Vaults:5 | Killed Margery
 54710 | Vaults:5 | Killed an ancient lich
 55012 | Vaults:5 | Identified the +7 sling of Ravage {speed, Str+2}
 55385 | Vaults:5 | Noticed Bai Suzhen
 55393 | Vaults:5 | Killed Bai Suzhen
 55840 | Vaults:5 | Reached skill level 5 in Shapeshifting
 56259 | Vaults:5 | Identified the +1 leather armour of Amorality {Harm Dex+3}
 56641 | Slime:1  | Entered Level 1 of the Pits of Slime
 57670 | Slime:1  | Found a viscous altar of Jiyva.
 58774 | Slime:5  | Entered Level 5 of the Pits of Slime
 58945 | Slime:5  | Gained mutation: You have hidden genetic defects. [a
                  | shining eye]
 58956 | Slime:5  | Lost mutation: You have hidden genetic defects. [potion of
                  | mutation]
 58956 | Slime:5  | Gained mutation: You are occasionally teleported next to
                  | monsters. [potion of mutation]
 58956 | Slime:5  | Gained mutation: You are clumsy. (Dex -2) [potion of
                  | mutation]
 58956 | Slime:5  | Lost mutation: You are occasionally teleported next to
                  | monsters. [potion of mutation]
 58956 | Slime:5  | Gained mutation: You possess an exceptional clarity of
                  | mind. [potion of mutation]
 59061 | Slime:5  | Reached XP level 27. HP: 221/221 MP: 39/45
 59065 | Slime:5  | Reached skill level 10 in Shapeshifting
 59067 | Slime:5  | Noticed the Royal Jelly
 59073 | Slime:5  | Killed the Royal Jelly
 59410 | Slime:5  | Got the Parchment of the Mertaur
 59424 | Slime:5  | Got a slimy rune of Zot
 59478 | Slime:5  | Identified the +7 hand axe "Estrezuiso" {spect, Fly}
 59495 | Slime:5  | Identified the ring of the Trilobite {Fly Int-3 Dex+3
                  | Slay+3}
 59501 | Slime:5  | Identified the +9 longbow "Giqescheo" {drain, rCorr Int-5
                  | Dex+3}
 59509 | Slime:5  | Identified the +2 chain mail of the Gloaming {Fly MP+9}
 59513 | Slime:5  | Got the Secrets of Allied Chrysopoeia
 60563 | Zot:1    | Entered Level 1 of the Realm of Zot
 61068 | Zot:1    | Identified the amulet of Surprise {Reflect rF+ rCorr Int+4
                  | SH+5}
 61251 | Zot:1    | You fall into a shaft and drop 1 floor!
 62410 | Zot:2    | Identified the +5 morningstar "Behumum" {freeze, rElec
                  | Dex+3}
 62713 | Zot:3    | Noticed an orb of fire
 62717 | Zot:3    | Killed an orb of fire
 62919 | Zot:3    | Found a transporter.
 62943 | Zot:3    | Noticed an ancient lich
 62950 | Zot:3    | Found a transporter.
 62954 | Zot:3    | Noticed an orb of fire
 62954 | Zot:3    | Identified the ring of Esiopp {Ice Fly Int+2}
 63084 | Zot:3    | Reached skill level 15 in Shapeshifting
 64967 | Zot:5    | Entered Level 5 of the Realm of Zot
 65593 | Hell     | Entered the Vestibule of Hell
 65593 | Hell     | Noticed Geryon
 65603 | Hell     | Killed Geryon
 65969 | Hell     | Found a gateway to the decaying netherworld of Tartarus.
 66295 | Hell     | Found a gateway to the freezing wastes of Cocytus.
 66481 | Hell     | Found a gateway to the Iron City of Dis.
 66589 | Hell     | Found a gateway to the ashen valley of Gehenna.
 66684 | Hell     | Lost mutation: You possess an exceptional clarity of mind.
                  | [potion of mutation]
 66684 | Hell     | Lost mutation: You are clumsy. (Dex -2) [potion of
                  | mutation]
 66684 | Hell     | Gained mutation: Your mind is acute. (Int +4, Str/Dex -1)
                  | [potion of mutation]
 66684 | Hell     | Gained mutation: Your system is resistant to poisons.
                  | (rPois) [potion of mutation]
 66684 | Hell     | Gained mutation: You are covered in fur. (AC +1) [potion of
                  | mutation]
 66685 | Hell     | Lost mutation: You are covered in fur. (AC +1) [potion of
                  | mutation]
 66685 | Hell     | Lost mutation: Your system is resistant to poisons. (rPois)
                  | [potion of mutation]
 66685 | Hell     | Lost mutation: Your mind is acute. (Int +4, Str/Dex -1)
                  | [potion of mutation]
 66685 | Hell     | Gained mutation: You do not regenerate when monsters are
                  | visible. [potion of mutation]
 66685 | Hell     | Lost mutation: You do not regenerate when monsters are
                  | visible. [potion of mutation]
 66685 | Hell     | Gained mutation: Your mind is acute. (Int +4, Str/Dex -1)
                  | [potion of mutation]
 66686 | Hell     | Lost mutation: Your mind is acute. (Int +4, Str/Dex -1)
                  | [potion of mutation]
 66686 | Hell     | Gained mutation: You are strong-willed. (Will+) [potion of
                  | mutation]
 66686 | Hell     | Gained mutation: Your health recovers twice as slowly from
                  | being drained. [potion of mutation]
 66686 | Hell     | Gained mutation: You expend magic power (3 MP) to
                  | strengthen your wands. [potion of mutation]
 66687 | Hell     | Lost mutation: You expend magic power (3 MP) to strengthen
                  | your wands. [potion of mutation]
 66687 | Hell     | Lost mutation: You are strong-willed. (Will+) [potion of
                  | mutation]
 66687 | Hell     | Gained mutation: You occasionally shout uncontrollably at
                  | your foes. [potion of mutation]
 66687 | Hell     | Gained mutation: You possess an exceptional clarity of
                  | mind. [potion of mutation]
 66688 | Hell     | Lost mutation: You occasionally shout uncontrollably at
                  | your foes. [potion of mutation]
 66688 | Hell     | Lost mutation: You possess an exceptional clarity of mind.
                  | [potion of mutation]
 66688 | Hell     | Lost mutation: Your health recovers twice as slowly from
                  | being drained. [potion of mutation]
 66688 | Hell     | Gained mutation: Armour fits poorly on your strangely
                  | shaped body. [potion of mutation]
 66688 | Hell     | Gained mutation: You passively map a small area around you.
                  | [potion of mutation]
 66689 | Hell     | Lost mutation: Armour fits poorly on your strangely shaped
                  | body. [potion of mutation]
 66689 | Hell     | Lost mutation: You passively map a small area around you.
                  | [potion of mutation]
 66689 | Hell     | Gained mutation: You occasionally lose the ability to drink
                  | potions when taking damage. [potion of mutation]
 66689 | Hell     | Gained mutation: You are agile. (Dex +4, Str/Int -1)
                  | [potion of mutation]
 66689 | Hell     | Gained mutation: You passively dampen the noise of your
                  | surroundings. [potion of mutation]
 66776 | Depths:3 | Voluntarily entered the Abyss.
 66791 | Abyss:2  | Found a corrupted altar of Lugonu.
 66804 | Abyss:2  | Found a corrupted altar of Lugonu.
 66807 | Abyss:2  | Found a corrupted altar of Lugonu.
 66807 | Abyss:2  | Found a corrupted altar of Lugonu.
 66807 | Abyss:2  | Found a corrupted altar of Lugonu.
 66807 | Abyss:2  | Found a corrupted altar of Lugonu.
 66828 | Abyss:2  | Found a corrupted altar of Lugonu.
 66889 | Abyss:2  | Found a corrupted altar of Lugonu.
 66981 | Abyss:2  | Found a corrupted altar of Lugonu.
 67316 | Abyss:3  | Found a glowing golden altar of the Shining One.
 67364 | Abyss:3  | Noticed a juggernaut
 67367 | Abyss:3  | Killed a juggernaut
 67369 | Abyss:3  | Got an abyssal rune of Zot
 67411 | Depths:3 | Escaped the Abyss
 67927 | Tomb:1   | Entered Level 1 of the Tomb of the Ancients
 69473 | Pan      | Entered Pandemonium
 70475 | Pan      | Noticed Idijel the pandemonium lord
 70483 | Pan      | Killed Idijel the pandemonium lord
 71025 | Pan      | Noticed Vadoheby the pandemonium lord
 71037 | Pan      | Killed Vadoheby the pandemonium lord
 71748 | Pan      | Identified the ring "Geusyffiss" {rN+ rCorr AC+4 Str+4}
 71750 | Pan      | Found a runed translucent door.
 71750 | Pan      | Found a runed translucent door.
 71752 | Pan      | Noticed Jiosomio the pandemonium lord
 71759 | Pan      | Killed Jiosomio the pandemonium lord
 71864 | Pan      | Got a demonic rune of Zot
 71865 | Pan      | Found a runed translucent door.
 71868 | Pan      | Found a runed translucent door.
 71909 | Pan      | Entered the realm of Cerebov.
 73289 | Pan      | Identified the +1 great sword "Onexadyti" {drain, ^Fragile
                  | rN+ Str-2 Int+6}
 73390 | Pan      | Identified the +8 short sword of Annuirou {antimagic,
                  | +Blink rF- rN++ rCorr}
 73610 | Pan      | Identified the +2 scale mail of the Rambutan {rElec Stlth+}
 73636 | Pan      | Identified the +7 sling of Jangof {heavy, Int+3}
 73639 | Pan      | Identified the +8 hand axe of Cashiac {spect, rCorr Stlth+}
 73705 | Pan      | Found the +6 sword of Cerebov {flame}
 73705 | Pan      | Noticed Cerebov
 73723 | Pan      | Killed Cerebov
 73902 | Pan      | Got a fiery rune of Zot
 73927 | Pan      | Identified the +8 dagger "Orphum" {drain, rF+ rN+}
 74213 | Pan      | Identified the +0 leather armour of Midnight {Rampage
                  | Regen+}
 74215 | Pan      | Identified the staff of the Original Sin {rF+ rN+ Fire}
 74217 | Pan      | Identified the +1 chain mail of Bad Feelings {rElec rF+}
 74416 | Pan      | Identified the +4 dire flail of Harmony {pain, Str+8}
 74885 | Pan      | Found an exit through the horrors of the Abyss.
 74998 | Pan      | Noticed Lecvoic the pandemonium lord
 75004 | Pan      | Killed Lecvoic the pandemonium lord
 75476 | Pan      | Noticed Rugops the pandemonium lord
 75487 | Pan      | Killed Rugops the pandemonium lord
 75714 | Pan      | Entered the realm of Gloorx Vloq.
 75719 | Pan      | Acquired the +0 chain mail of Balytiq {^Contam rElec Regen+
                  | Slay+4}
 76681 | Pan      | Noticed Gloorx Vloq
 76692 | Pan      | Killed Gloorx Vloq
 76724 | Pan      | Got a dark rune of Zot
 77622 | Pan      | Noticed a seraph
 77625 | Pan      | Found a glowing golden altar of the Shining One.
 77629 | Pan      | Killed a seraph
 77857 | Pan      | Identified the +0 scale mail of the Watchman {Str+4}
 77858 | Pan      | Identified the +0 ring mail of Susaept {rPois}
 77867 | Pan      | Identified the staff of the Throat {rF++ Earth}
 77874 | Pan      | Identified the staff "Ellaeseb" {rF+ rCorr Conj}
 77878 | Pan      | Identified the blade talisman "Voicsaest" {rF++ Will+ Int-4
                  | Stlth-}
 77882 | Pan      | Identified the +3 mace "Fodeecel" {venom, *Noise Int-3
                  | Dex+6}
 78027 | Pan      | Reached skill level 15 in Armour
 78537 | Pan      | Identified the +0 tower shield "Gohytz" {Int+3 Dex+4}
 79591 | Pan      | Identified the +6 tower shield "Jerchudd" {rC+ Str-4 Dex+3}
 79745 | Pan      | Found a glowing silver altar of Zin.
 80068 | Pan      | Identified the +2 tower shield "Gomeicsojant" {MP+9 SInv}
 80722 | Depths:2 | Escaped Pandemonium
 80727 | Depths:2 | Upgraded the game from 0.32-a0-586-gd5c3ca0 to
                  | 0.32-a0-589-g2d1f746
 80728 | Pan      | Entered Pandemonium
 80795 | Pan      | Noticed Witsaitu the pandemonium lord
 80803 | Pan      | Killed Witsaitu the pandemonium lord
 80973 | Pan      | Entered the realm of Mnoleg.
 81406 | Pan      | Noticed Mnoleg
 81422 | Pan      | Killed Mnoleg
 81463 | Pan      | Got a glowing rune of Zot
 81803 | Pan      | Identified the +1 tower shield of the Leaf {rN+}
 81803 | Pan      | Noticed Mennas
 81810 | Pan      | Killed Mennas
 81850 | Pan      | Found an exit through the horrors of the Abyss.
 82506 | Pan      | Entered the realm of Lom Lobon.
 82906 | Pan      | Noticed Lom Lobon
 82915 | Pan      | Killed Lom Lobon
 82935 | Pan      | Got a magical rune of Zot
 83250 | Pan      | Found an exit through the horrors of the Abyss.
 83567 | Pan      | Took an exit into the Abyss.
 83567 | Abyss:3  | Escaped into the Abyss
 83587 | Depths:2 | Escaped the Abyss
 84080 | Tomb:2   | Noticed a royal mummy
 84080 | Tomb:2   | Noticed a royal mummy
 84080 | Tomb:2   | Noticed a royal mummy
 84084 | Tomb:2   | Killed a royal mummy
 84089 | Tomb:2   | Killed a royal mummy
 84096 | Tomb:2   | Killed a royal mummy
 84103 | Tomb:2   | Noticed a royal mummy
 84120 | Tomb:2   | Killed a royal mummy
 84341 | Tomb:2   | Identified the ring "Kosiraus" {Will+ Str+6 Slay+2}
 84536 | Tomb:1   | Noticed a royal mummy
 84537 | Tomb:1   | Noticed a royal mummy
 84537 | Tomb:1   | Noticed a royal mummy
 84540 | Tomb:1   | Killed a royal mummy
 84541 | Tomb:1   | Killed a royal mummy
 84543 | Tomb:1   | Killed a royal mummy
 84702 | Tomb:1   | Noticed a royal mummy
 84707 | Tomb:1   | Killed a royal mummy
 84715 | Tomb:1   | Noticed a royal mummy
 84718 | Tomb:1   | Killed a royal mummy
 84810 | Tomb:1   | Noticed a royal mummy
 84815 | Tomb:1   | Killed a royal mummy
 84884 | Tomb:1   | Noticed a royal mummy
 84887 | Tomb:1   | Killed a royal mummy
 84889 | Tomb:1   | Noticed a royal mummy
 84893 | Tomb:1   | Killed a royal mummy
 84909 | Tomb:1   | Noticed a royal mummy
 84912 | Tomb:1   | Killed a royal mummy
 84993 | Tomb:1   | Noticed a royal mummy
 84996 | Tomb:1   | Killed a royal mummy
 85005 | Tomb:1   | Noticed a royal mummy
 85012 | Tomb:1   | Killed a royal mummy
 85117 | Tomb:1   | Noticed a royal mummy
 85117 | Tomb:1   | Noticed a royal mummy
 85119 | Tomb:1   | Killed a royal mummy
 85122 | Tomb:1   | Noticed a royal mummy
 85123 | Tomb:1   | Killed a royal mummy
 85127 | Tomb:1   | Killed a royal mummy
 85128 | Tomb:1   | Noticed a royal mummy
 85133 | Tomb:1   | Killed a royal mummy
 85134 | Tomb:1   | Noticed a royal mummy
 85134 | Tomb:1   | Noticed a royal mummy
 85134 | Tomb:1   | Noticed a royal mummy
 85139 | Tomb:1   | Noticed a royal mummy
 85146 | Tomb:1   | Killed a royal mummy
 85155 | Tomb:1   | Noticed a royal mummy
 85155 | Tomb:1   | Noticed a royal mummy
 85159 | Tomb:1   | Killed a royal mummy
 85159 | Tomb:1   | Noticed a royal mummy
 85178 | Tomb:1   | Killed a royal mummy
 85180 | Tomb:1   | Killed a royal mummy
 85182 | Tomb:1   | Killed a royal mummy
 85184 | Tomb:1   | Killed a royal mummy
 85186 | Tomb:1   | Killed a royal mummy
 86002 | Tomb:3   | Entered Level 3 of the Tomb of the Ancients
 86017 | Tomb:3   | Noticed a royal mummy
 86017 | Tomb:3   | Noticed a royal mummy
 86029 | Tomb:3   | Noticed a royal mummy
 86193 | Tomb:3   | Killed a royal mummy
 86197 | Tomb:3   | Killed a royal mummy
 86198 | Tomb:3   | Killed a royal mummy
 86588 | Tomb:3   | Identified the +0 robe of Qaminag {rElec rC+ Regen+ Int+2}
 86597 | Tomb:3   | Identified the +8 great sword "Daapp" {flame, Will+ Int+3
                  | Dex+4}
 86622 | Tomb:3   | Identified the +8 flail of Webb {freeze, rN++}
 86624 | Tomb:3   | Identified the +5 broad axe of Valiance {protect, rPois rF+
                  | rN++ Dex-4}
 86881 | Tomb:3   | Noticed a royal mummy
 86884 | Tomb:3   | Killed a royal mummy
 87017 | Tomb:3   | Noticed a royal mummy
 87027 | Tomb:3   | Noticed a royal mummy
 87028 | Tomb:3   | Killed a royal mummy
 87038 | Tomb:3   | Killed a royal mummy
 87064 | Tomb:3   | Noticed a royal mummy
 87082 | Tomb:3   | Noticed a royal mummy
 87083 | Tomb:3   | Killed a royal mummy
 87096 | Tomb:3   | Killed a royal mummy
 87162 | Tomb:3   | Noticed a royal mummy
 87165 | Tomb:3   | Killed a royal mummy
 87179 | Tomb:3   | Got a golden rune of Zot
 87813 | Coc:1    | Entered Level 1 of Cocytus
 88834 | Coc:4    | Noticed a dread lich
 88837 | Coc:4    | Killed a dread lich
 88840 | Coc:4    | Noticed a dread lich
 88843 | Coc:4    | Killed a dread lich
 89360 | Coc:6    | Reached skill level 27 in Long Blades
 89580 | Coc:7    | Entered Level 7 of Cocytus
 89614 | Coc:7    | Paralysed by a wendigo for 1 turns
 90615 | Coc:7    | Identified the +9 glaive "Qiyt" {holy, rF+ rN+ SInv}
 90634 | Coc:7    | Noticed Antaeus
 90651 | Coc:7    | Killed Antaeus
 90664 | Coc:7    | Got an icy rune of Zot
 90665 | Coc:7    | Identified the staff of Untruth {rElec Earth}
 90669 | Coc:7    | Identified the +0 plate armour of the Invisible Hand {Str+3
                  | Int+4}
 91761 | Geh:1    | Entered Level 1 of Gehenna
 91924 | Geh:1    | Noticed a dread lich
 91927 | Geh:1    | Killed a dread lich
 91941 | Geh:1    | Noticed a dread lich
 91943 | Geh:1    | Killed a dread lich
 92178 | Geh:2    | Noticed a dread lich
 92181 | Geh:2    | Killed a dread lich
 93608 | Geh:6    | Found a corrupted altar of Lugonu.
 93769 | Geh:7    | Entered Level 7 of Gehenna
 94105 | Geh:7    | Found the +10 dark maul {heavy}
 94379 | Geh:7    | Identified the +3 spear "Learchiem" {pain, rF++ rN+}
 94426 | Geh:7    | Identified the +6 bardiche "Tueled" {heavy, Dex+3}
 94470 | Geh:7    | Found the +13 sceptre of Asmodeus
 94470 | Geh:7    | Noticed Asmodeus
 94478 | Geh:7    | Killed Asmodeus
 94511 | Geh:7    | Got an obsidian rune of Zot
 94699 | Geh:7    | Noticed an ancient lich
 94702 | Geh:7    | Killed an ancient lich
 95227 | Tar:1    | Entered Level 1 of Tartarus
 95614 | Tar:2    | Noticed an ancient lich
 95620 | Tar:2    | Killed an ancient lich
 96404 | Tar:4    | Noticed a dread lich
 96408 | Tar:4    | Killed a dread lich
 96541 | Tar:4    | You fall into a shaft and drop 1 floor!
 96772 | Tar:6    | Noticed a dread lich
 96776 | Tar:6    | Killed a dread lich
 97146 | Tar:7    | Entered Level 7 of Tartarus
 97255 | Tar:7    | Noticed a dread lich
 97257 | Tar:7    | Killed a dread lich
 97443 | Tar:7    | Noticed an ancient lich
 97444 | Tar:7    | Killed an ancient lich
 97447 | Tar:7    | Reached skill level 27 in Fighting
 97454 | Tar:7    | Noticed Ereshkigal
 97475 | Tar:7    | Killed Ereshkigal
 97667 | Tar:7    | Got a bone rune of Zot
 97835 | Tar:7    | Noticed a dread lich
 97838 | Tar:7    | Killed a dread lich
 98032 | Tar:7    | Identified the +3 triple crossbow of the Vendetta {penet,
                  | rElec Dex+3 Stlth+}
 98033 | Tar:7    | Identified the +2 hand axe of Imie {elec, rElec rCorr Str+4
                  | Int-5}
 98079 | Tar:7    | Identified the +3 ring mail "Durreud" {Stlth+}
 98418 | Tar:7    | Identified the ring "Dontyest" {Wiz rPois Str+3 Int+3
                  | Slay+2}
 98493 | Tar:7    | Identified the +6 plate armour "Maifeyng" {rF+++ rC- Str+2
                  | Int-3}
 98932 | Dis:1    | Entered Level 1 of the Iron City of Dis
 99440 | Dis:3    | Found a burning altar of Makhleb.
100475 | Dis:4    | You fall into a shaft and drop 2 floors!
100847 | Dis:7    | Entered Level 7 of the Iron City of Dis
101549 | Dis:7    | Noticed a juggernaut
101556 | Dis:7    | Killed a juggernaut
101761 | Dis:7    | Noticed a juggernaut
101785 | Dis:7    | Killed a juggernaut
102174 | Dis:7    | Got the Catalogue of Impulse and Cadavers
102605 | Dis:7    | Noticed the Serpent of Hell
102622 | Dis:7    | Killed the Serpent of Hell
102974 | Dis:7    | Noticed a juggernaut
102983 | Dis:7    | Killed a juggernaut
103050 | Dis:7    | Noticed Dispater
103063 | Dis:7    | Killed Dispater
103064 | Dis:7    | Reached skill level 27 in Dodging
103074 | Dis:7    | Identified the scarf of the Merwolf {rC+ rF+, Harm Str+3
                  | Int+2}
103080 | Dis:7    | Got an iron rune of Zot
103081 | Dis:7    | Identified the ring "Peett" {rPois Str+4}
103084 | Dis:7    | Identified the +6 morningstar of Plog {flame, +Blink Dex+5}
103336 | Dis:7    | Identified the +9 trident "Imimoonko" {drain, Int+3}
103337 | Dis:7    | Identified the +1 robe of the Butcher {rF++ rC+ rCorr
                  | Slay-6}
103604 | Zot:5    | Noticed an orb of fire
103611 | Zot:5    | Killed an orb of fire
103744 | Zot:5    | Noticed a dread lich
103747 | Zot:5    | Killed a dread lich
104060 | Zot:5    | Reached skill level 27 in Spellcasting
104062 | Zot:5    | Noticed an orb of fire
104070 | Zot:5    | Killed an orb of fire
104072 | Zot:5    | Noticed an ancient lich
104083 | Zot:5    | Killed an ancient lich
104163 | Zot:5    | Noticed an ancient lich
104165 | Zot:5    | Killed an ancient lich
104337 | Zot:5    | Got the Orb of Zot
104496 | Depths:4 | Noticed a seraph
104498 | Depths:4 | Killed a seraph
104802 | D:7      | Noticed Xiriugeo the pandemonium lord
104908 | D:$      | Escaped with the Orb!

Illustrated notes

Levels and vault maps discovered:
D:1:      dpeg_arrival_ternary, layout_basic, serial_shops,
          nicolae_shop_hallway_stairs, grunt_decor_clamped,
          minmay_misc_feat_tower, minivault_26, minmay_tromino_v7
D:2:      layout_loops_cross, minmay_stone_trees_small
D:3:      layout_basic
D:4:      layout_cave_pods, serial_shops, shop, uniq_robin
D:5:      layout_loops_corners, minmay_temple_entry_trees
D:6:      layout_loops_ring, serial_undead, serial_undead_b, serial_undead_c,
          serial_undead_f, serial_undead_d, uniq_eustachio
D:7:      layout_basic, nicolae_elyvilon_temple_path,
          mainiacjoe_overflow_surrounded_room
D:8:      nzn_winding_woodlands_cross [nzn_winding_woodlands_5x15_concentric,
          nzn_winding_woodlands_5x15_default, nzn_winding_woodlands_5x15_pool,
          nzn_winding_woodlands_5x15_sidewinder,
          nzn_winding_woodlands_15x15_boxy_spiral], layout_basic,
          gammafunk_temple_overflow_elements, minmay_hedge_maze,
          minmay_misc_feat_more_columns, uniq_grum
D:9:      layout_gridville, zin_statuary
D:10:     minmay_sliced_demisemicircle, layout_irregular_city,
          mainiacjoe_overflow_cross_hatched, okawaru_altar_gauntlet_db,
          enter_bailey_5, uniq_sonja
D:11:     layout_basic, minmay_orc_entry_temple_small
D:12:     layout_gridville
D:13:     layout_roguey, special_room [special_room_orc]
D:14:     layout_basic, david_vaults_4, grunt_dithmenos_shadows,
          nicolae_shop_gadgets, uniq_lodul
D:15:     gammafunk_depths_entry_grave, layout_loops_ring,
          chequers_serial_rivers_micro_e, jiyva_altar_1
Temple:   nicolae_temple_panitentiary
Lair:1:   layout_chaotic_city
Lair:2:   layout_long_grid, minmay_snake_entry_guardpost_small
Lair:3:   layout_chaotic_city, elwin_shoals_entry_stream, gammafunk_ghost_hive,
          infiniplex_staircase_pool, uniq_nergalle
Lair:4:   dragon1_lemuel, layout_regular_city, slime_entry_1, uniq_rupert
Lair:5:   minmay_lair_end_frog_pond, layout_gridlike,
          portal_ice_cave_entry_imps, chequers_serial_rivers_micro_b,
          dpeg_oklob_1
Shoals:1: layout_shoals, ebering_ghost_inner_flame, serial_shops,
          nicolae_shop_industrial_runoff, uniq_kirke
Shoals:2: layout_shoals, nicolae_shoals_former_cling_halls, uniq_ilsuiw
Shoals:3: layout_shoals, nicolae_shoals_spring_well_temple, uniq_mara
Shoals:4: shoals_end_hangedman, layout_shoals, shoals_ilsuiw_alternative,
          serial_shops, nicolae_shop_tiny_real_fake_doors
Snake:1:  layout_chambers
Snake:2:  layout_gridlike, minmay_shop_star, serial_bayou_shore_b,
          serial_bayou_shore_a, uniq_saint_roka, uniq_vashnia
Snake:3:  layout_basic, serial_shops, bzr_entry_gold, minmay_shoptagon
Snake:4:  grunt_snake_rune_pools, layout_rooms, drop_trap,
          nrook_guardian_serpent_ordinary, lemuel_fruit_tree
Slime:1:  layout_caves, basic_altar
Slime:2:  layout_caves
Slime:3:  layout_caves
Slime:4:  layout_caves
Slime:5:  slime_pit
Orc:1:    layout_caves, nicolae_orc_damp_corner
Orc:2:    pubby_orc_utopia, uniq_jorgrun, uniq_maurice
Elf:1:    eino_elf_arrival_customs, layout_loops_corners, mu_enter_wizlab_6,
          serial_shops, nicolae_square_shop, minmay_elf_sorcery, uniq_azrael
Elf:2:    nicolae_elf_blades_crystal_corner, layout_loops_corners, serial_shops,
          nicolae_shop_trees
Elf:3:    minmay_elf_hall_hex, layout_geoelf_grid, serial_shops, shop,
          uniq_boris
Vaults:1: vaults_standard_mumra_x, nicolae_vaults_display_case,
          vaults_mumra_hex, nicolae_vaults_closet_pinwheel_2,
          vaults_room_stairs_pillars, nicolae_vaults_network_barrier,
          minmay_orc_keep, nicolae_vaults_apartment_2,
          nicolae_vaults_specimen_jars, nicolae_vaults_house_1,
          nicolae_vaults_storage_closets_3, ontoclasm_vaults_hangar,
          nicolae_vaults_tetromino_L_1, layout_vaults_quadrants
Vaults:2: vaults_room_ringed_pool, vaults_dpeg_emergency_exit,
          nicolae_vaults_circle_grid_a, v_misc_28, lemuel_angel_altar,
          v_rooms_2, v_misc_13, hangedman_vaults_cutoff, vaults_room_corners,
          nicolae_vaults_double_plus_2, nicolae_vaults_sesquioval_fish,
          layout_vaults_omnicross
Vaults:3: minmay_crypt_entry_nasty_monster, hangedman_vaults_maws,
          hangedman_vaults_snaps, vaults_mumra_minichess, vaults_dpeg_ring,
          vaults_room_corners, v_misc_9, hangedman_vaults_unwind, v_misc_14,
          nicolae_vaults_apartment_2, nicolae_vaults_lightning_bolt,
          nicolae_vaults_rhombus_5, layout_vaults_omnibox, uniq_jory,
          uniq_xtahua
Vaults:4: nicolae_vaults_variable_pillar_hall, v_misc_15,
          nicolae_vaults_house_1, nicolae_vaults_network_quinsquares
          [nicolae_vaults_network_quincunx_subvault,
          nicolae_vaults_network_quincunx_subvault,
          nicolae_vaults_network_quincunx_subvault,
          nicolae_vaults_network_quincunx_subvault],
          nicolae_vaults_little_squares_3, ontoclasm_vaults_claustrophobia,
          vaults_room_fancy_cross, kb_rosetta, hangedman_vaults_nails,
          nicolae_vaults_alarming, nicolae_vaults_hallways_thing, v_misc_30,
          nicolae_vaults_house_3, nicolae_vaults_double_plus_1,
          layout_vaults_ring, serial_shops, shop
Vaults:5: uniq_bai_suzhen, uniq_margery
Crypt:1:  layout_catacombs, basic_altar, nicolae_crypt_lichyard, uniq_zenata
Crypt:2:  layout_chaotic_city, grunt_megastairs_4, uniq_josephina
Crypt:3:  cryptofortress_bobbens
Tomb:1
Tomb:2
Tomb:3
Depths:1: layout_gridlike, enter_ziggurat_a, serial_shops, shop,
          nicolae_shop_drivethru, nicolae_lakefront_shop,
          nicolae_shop_tiny_glass, hangedman_tar_grid_catacomb,
          nemelex_lonely_heart_becter
Depths:2: minmay_the_grid_3x2 [minmay_the_grid_tri_star,
          minmay_the_grid_small_cups, minmay_the_grid_mess,
          minmay_the_grid_spikes, minmay_the_grid_tiny_cups,
          minmay_the_grid_prize_four_corners_diamond_b], layout_gridlike,
          nicolae_vehumet_altar_sigil, hell_entry, abyss_entry,
          grunt_pan_entry_spiral
Depths:3: minmay_ornate_pinched, layout_cave_pools, serial_bayou_ford_a,
          abyss_entry, hell_entry, minmay_shop_grove, uniq_grunn
Depths:4: grunt_zot_entry_funnels, layout_cave_pools, hell_entry,
          reono_crystal_passage, minmay_fire_ice_demons, serial_bayou_shore_b
Hell
Dis:1:    layout_regular_city
Dis:2:    layout_gridville
Dis:3:    kennysheep_iron_temple, layout_regular_city
Dis:4:    layout_gridville
Dis:6:    layout_overlapping_boxes
Dis:7:    dis_grunt_layers
Geh:1:    layout_gehenna_pools_box, lemuel_flamethrower_2
Geh:2:    layout_gehenna_pools_basic
Geh:3:    layout_gehenna_pools_basic, nicolae_geh_lavax
Geh:4:    layout_gehenna_pools_basic
Geh:5:    layout_gehenna_lava_caves
Geh:6:    layout_gehenna_pools_box, amcnicky_altar_lugonu_corruption
Geh:7:    geh_grunt
Coc:1:    layout_ice_bergs
Coc:2:    layout_ice_bergs
Coc:3:    layout_cocytus_water_paths
Coc:4:    nicolae_coc_three_more_mouths, layout_cocytus_water_paths
Coc:5:    layout_cocytus_water_paths, serial_ice, serial_ice_e
Coc:6:    layout_ice_bergs
Coc:7:    coc_grunt_cove [coc_grunt_cove_antaeus, coc_grunt_cove_fiend,
          coc_grunt_cove_fiend, coc_grunt_cove_fiend, coc_grunt_cove_fiend]
Tar:1:    layout_catacombs
Tar:2:    nicolae_tar_tart_auras, layout_cathedral_of_symmetry
Tar:3:    layout_honeycomb, nicolae_tar_cuneiform_bread
Tar:4:    nicolae_tar_honey_stairs, layout_cathedral_of_symmetry
Tar:5:    layout_cathedral_of_symmetry
Tar:6:    layout_cathedral_of_symmetry, evilmike_ambush
          [evilmike_ambush_outer_doors, evilmike_ambush_inner_basic]
Tar:7:    tar_old
Zot:1:    layout_gridlike, regret_index_zotdec_carving_tricks,
          grunt_ministairs_6
Zot:2:    layout_cellular_growth, regret_index_zotdec_decaying_vile
Zot:3:    gammafunk_the_bubble [the_bubble_gammafunk_grid],
          layout_twisted_circle, regret_index_zotdec_ex,
          regret_index_zotdec_silver_v_v_loose
Zot:4:    layout_concentric_octagons, regret_index_zotdec_split_disrupt,
          st_stairs_13, grunt_megastairs_5
Zot:5:    layout_basic

Skill      XL: |  1  2  3  4  5  6  7  8  9 10 11 12 13 14 15 16 17 18 19 20 21 22 23 24 25 26 27 |
---------------+----------------------------------------------------------------------------------+-----
Long Blades    | 3 4 5 6 7 9 10 11 12 13 14 15 16 17 18 19 20 21 22 23 27 | 27.0
Dodging        | 2 3 4 5 6 7 8 9 10 11 12 13 14 15 16 17 27 | 27.0
Spellcasting   | 2 3 4 5 6 8 9 10 11 12 13 14 15 16 17 18 27 | 27.0
Translocations | 4 6 7 9 10 11 12 13 14 15 16 17 | 17.0
Fighting       | 3 4 5 6 7 8 9 10 11 12 13 14 15 16 17 18 19 27 | 27.0
Evocations     | 3 4 6 8 9 10 | 10.0
Armour         | 2 4 5 6 7 8 9 10 11 12 13 14 24 | 24.1
Stealth        | 3 4 |  4.0
Throwing       | 2 4 5 6 |  6.0
Shapeshifting  | 2 9 23 | 23.0

Action                     |  1- 3 |  4- 6 |  7- 9 | 10-12 | 13-15 | 16-18 | 19-21 | 22-24 | 25-27 || total
---------------------------+-------+-------+-------+-------+-------+-------+-------+-------+-------++-------
  Melee: Falchion          |    77 |   178 |   381 |     4 |       |       |       |       |       ||   640
         Dagger            |    37 |       |       |       |       |       |       |       |       ||    37
         Short sword       |    30 |    59 |       |       |       |       |       |       |       ||    89
         Scimitar          |       |       |    33 |   341 |   702 |   772 |   709 |   897 |  1362 ||  4816
         Double sword      |       |       |       |    75 |   722 |   806 |   733 |   932 |  9672 || 12940
  Throw: Dart              |       |    16 |    42 |     6 |     3 |       |       |       |     1 ||    68
         Throwing net      |       |       |     2 |       |       |       |       |       |     2 ||     4
   Cast: Blink             |       |     4 |     3 |     1 |     1 |       |       |       |       ||     9
         Manifold Assault  |       |       |       |    65 |   508 |   606 |   508 |   638 |  3715 ||  6040
         Lesser Beckoning  |       |       |       |     7 |       |     1 |     3 |     2 |    19 ||    32
         Passage of Golubr |       |       |       |       |       |     2 |     4 |       |       ||     6
         Apportation       |       |       |       |       |       |       |    30 |       |     1 ||    31
 Invoke: Slouch            |       |       |       |       |       |       |       |       |     2 ||     2
Ability: Invent Gizmo      |       |       |       |       |     1 |       |       |       |       ||     1
  Evoke: Wand              |       |       |    12 |    22 |     1 |       |       |       |     9 ||    44
         Phantom mirror    |       |       |       |       |     1 |       |       |       |     6 ||     7
    Use: Scroll            |     5 |     8 |     7 |     7 |     3 |     7 |    17 |       |    18 ||    72
         Potion            |       |     1 |     3 |     3 |     1 |     2 |    11 |       |    26 ||    47
   Stab: Sleeping          |     1 |     2 |       |       |       |       |       |       |     1 ||     4
         Invisible         |       |       |       |       |     1 |     1 |       |     2 |    33 ||    37
         Held in net/web   |       |       |       |       |       |       |       |       |    15 ||    15
         Distracted        |       |       |       |       |       |       |       |       |     4 ||     4
 Armour: Leather armour    |    43 |    99 |   126 |    62 |       |       |       |       |    90 ||   420
         Fire dragon scale |       |       |       |    46 |    56 |    58 |    79 |    49 |   188 ||   476
         Skin              |       |       |       |       |    16 |       |       |       |       ||    16
         Quicksilver drago |       |       |       |       |       |       |       |    36 |   135 ||   171
         Chain mail        |       |       |       |       |       |       |       |       |    62 ||    62
  Dodge: Dodged            |    38 |    84 |   110 |   119 |   106 |    99 |   104 |   161 |  1822 ||  2643
Riposte: Double sword      |       |       |       |       |       |       |     1 |    17 |   532 ||   550
         Scimitar          |       |       |       |       |       |       |       |    15 |    41 ||    56
   Form: Death             |       |       |       |       |       |       |       |       |     8 ||     8
                           |       |       |       |       |       |       |       |       |     7 ||     7

Table legend: (Time is in decaauts)
 A = Elapsed time spent in this place.
 B = Non-inter-level travel time spent in this place.
 C = Inter-level travel time spent in this place.
 D = Time resting spent in this place.
 E = Time spent auto-exploring this place.
 F = Levels seen in this place.
 G = Mean time per level.
                   A        B        C        D        E       F      G
               +--------+--------+--------+--------+--------+-----+--------+
         Total | 157236 | 140470 |  16766 |  34597 |  88190 | 112 | 1403.9 |
       Dungeon |  25778 |  21281 |   4497 |   4708 |  14315 |  15 | 1718.5 |
        Temple |     44 |      2 |     42 |      0 |      0 |   1 |   44.0 |
          Lair |   8354 |   7265 |   1089 |    737 |   5911 |   5 | 1670.8 |
        Shoals |   6784 |   6288 |    496 |   1998 |   3640 |   4 | 1696.0 |
     Snake Pit |   5450 |   5175 |    275 |    984 |   3645 |   4 | 1362.5 |
    Slime Pits |   5276 |   4878 |    398 |   1344 |   3221 |   5 | 1055.2 |
  Orcish Mines |   5367 |   4961 |    406 |   2019 |   2457 |   2 | 2683.5 |
   Elven Halls |   5817 |   5317 |    500 |    827 |   3736 |   3 | 1939.0 |
        Vaults |  13792 |  11331 |   2461 |   1399 |   8833 |   5 | 2758.4 |
         Crypt |   6049 |   5093 |    956 |   1440 |   3165 |   3 | 2016.3 |
          Tomb |   6441 |   5386 |   1055 |   2026 |   2502 |   3 | 2147.0 |
        Depths |   9470 |   7752 |   1718 |   2082 |   4890 |   4 | 2367.5 |
          Hell |   1632 |   1250 |    382 |    443 |    618 |   1 | 1632.0 |
           Dis |   6007 |   5701 |    306 |   2213 |   2781 |   6 | 1001.2 |
       Gehenna |   5382 |   5053 |    329 |   1020 |   3598 |   7 |  768.9 |
       Cocytus |   6098 |   5744 |    354 |   1305 |   3789 |   7 |  871.1 |
      Tartarus |   5513 |   5010 |    503 |   1165 |   3330 |   7 |  787.6 |
           Zot |   9613 |   8621 |    992 |   1749 |   6199 |   5 | 1922.6 |
         Abyss |   1192 |   1192 |      0 |     89 |    602 |   4 |  298.0 |
   Pandemonium |  20077 |  20077 |      0 |   5818 |  10098 |  17 | 1181.0 |
        Bazaar |    241 |    241 |      0 |      0 |    124 |   1 |  241.0 |
        Bailey |    687 |    687 |      0 |    113 |    269 |   1 |  687.0 |
      Ice Cave |    785 |    785 |      0 |    546 |     97 |   1 |  785.0 |
        Wizlab |   1376 |   1376 |      0 |    565 |    366 |   1 | 1376.0 |
               +--------+--------+--------+--------+--------+-----+--------+

Top non-repeatable levels by time:
Vaults:5: 4500 daAuts
   Orc:2: 4403 daAuts
  Tomb:1: 3655 daAuts
    D:14: 3497 daAuts
   Dis:7: 3496 daAuts
   Coc:7: 3139 daAuts
     D:8: 3043 daAuts
Depths:1: 2953 daAuts
Vaults:1: 2847 daAuts
    D:15: 2525 daAuts
   Tar:7: 2503 daAuts
Depths:2: 2447 daAuts
 Crypt:1: 2416 daAuts
Depths:4: 2392 daAuts
   Geh:7: 2299 daAuts
